 Dungeon Crawl Stone Soup version 0.26-a0-1191-ge2a0e31ab3 (webtiles) character file.

Game seed: 8235023897089134377

2 grulito the Digger (level 1, 0/11 HPs)
             Began as a Gargoyle Earth Elementalist on Dec 21, 2020.
             Slain by a bat (1 damage)
             ... on level 1 of the Dungeon on Jan 9, 2021.
             The game lasted 00:03:21 (93 turns).

grulito the Digger (Gargoyle Earth Elementalist)      Turns: 93, Time: 00:03:22

Health: 0/11       AC:  4    Str: 11    XL:     1   Next: 40%
Magic:  3/3        EV: 12    Int: 15    God:
Gold:   0          SH:  0    Dex: 10    Spells: 3/4 levels left

rFire    . . .     SeeInvis .   (no weapon)
rCold    . . .     Faith    .   (no shield)
rNeg     + . .     Spirit   .   c - +0 robe
rPois    ∞         Reflect  .   (no helmet)
rElec    +         Harm     .   (no cloak)
rCorr    .         Rampage  .   (no gloves)
Will     .....                  (no boots)
Stlth    ++........             (no amulet)
HPRegen  0.03/turn              (no ring)
MPRegen  0.08/turn              (no ring)

@: no status effects
A: negative energy resistance 1, electricity resistance, unbreathing,
petrification resistance, miasma immunity, AC +2
a: no special abilities


You were on level 1 of the Dungeon.
You visited 1 branch of the dungeon, and saw 1 of its levels.

Inventory:

Missiles
 b - 24 stones (quivered)
Armour
 c - a +0 robe (worn)


   Skills:
 * Level 0.4 Fighting
 + Level 1.5 Dodging
 + Level 2.1 Stealth
 * Level 0.4 Unarmed Combat
 + Level 2.0 Spellcasting
 + Level 0.7 Transmutations
 + Level 3.6 Earth Magic


You had 3 spell levels left.
You knew the following spells:

 Your Spells              Type           Power        Failure   Level
a - Sandblast             Erth           24%          4%          1

Your spell library contained the following spells:

 Spells                   Type           Power        Failure   Level
 Passwall                 Tmut/Erth      6%           14%         2
 Stone Arrow              Conj/Erth      12%          32%         3
 Petrify                  Tmut/Erth      8%           65%         4
 Lee's Rapid Deconstruct  Erth           6%           80%         5


Dungeon Overview and Level Annotations

Branches:
Dungeon (1/15)

Altars:


Innate Abilities, Weirdness & Mutations

You are resistant to torment.
Your stone body is resilient. (AC +2)
You are immune to poison.
You resist negative energy. (rN+)
You are resistant to electric shocks. (rElec)
You can survive without breathing.
You are immune to petrification.
You are immune to miasma.


Message History

The bat barely misses you.
You barely miss the bat. The bat barely misses you. The bat hits you.
* * * LOW HITPOINT WARNING * * *
The bat misses you. The bat completely misses you.
You barely miss the bat. The bat hits you but does no damage.
The bat misses you. The bat closely misses you. The bat misses you.
The bat hits you but does no damage. The bat closely misses you.
The bat hits you but does no damage. The bat barely misses you.
The bat hits you.
* * * LOW HITPOINT WARNING * * *
The bat closely misses you. The bat barely misses you.
The bat hits you but does no damage. The bat closely misses you.
The bat hits you.
* * * LOW HITPOINT WARNING * * *
The bat closely misses you. The bat hits you.
You die...

#..######
#........##.##
#.######.#.(.##
#.# ##........
#.# #........#
#.# #........#
###.####.........
#................
#.#..b@.†........
#.######b#.##.##.
# #..#.. ###.##.#
.# # #


You could see 2 bats.

Vanquished Creatures
  A giant cockroach (D:1)
  A hobgoblin (D:1)
2 creatures vanquished.

Notes
Turn   | Place    | Note
-------+----------+-------------------------------------------
     0 | D:1      | grulito the Gargoyle Earth Elementalist began the quest for
                  | the Orb.
     0 | D:1      | Reached XP level 1. HP: 10/10 MP: 3/3
    11 | D:1      | Upgraded the game from 0.26-a0-1139-g7d2dc893a1 to
                  | 0.26-a0-1191-ge2a0e31ab3
    93 | D:1      | Slain by a bat

Illustrated notes

Levels and vault maps discovered:
D:1:      mrwooster_arrival_statue_2, layout_loops_ring, serial_bayou_pond_a

Action                   || total
-------------------------++-------
Melee: Unarmed           ||    22
Throw: Stone             ||     6
  Use: Potion            ||     1
Armor: Robe              ||    28
Dodge: Dodged            ||    56

Table legend: (Time is in decaauts)
 A = Elapsed time spent in this place.
 B = Non-inter-level travel time spent in this place.
 C = Inter-level travel time spent in this place.
 D = Time resting spent in this place.
 E = Time spent auto-exploring this place.
 F = Levels seen in this place.
 G = Mean time per level.
                   A        B        C        D        E       F      G
               +--------+--------+--------+--------+--------+-----+--------+
         Total |     93 |     93 |      0 |      0 |      1 |   1 |   93.0 |
       Dungeon |     93 |     93 |      0 |      0 |      1 |   1 |   93.0 |
               +--------+--------+--------+--------+--------+-----+--------+

Top non-repeatable levels by time:
     D:1: 93 daAuts
